PBL
DETROIT RED WINGS @ NEW JERSEY DEVILS
09/09/2047
 
TOP OF THE 1ST
Detroit Red Wings batting - Pitching for New Jersey Devils : RHP Emanuel Anochondo
Pitching: RHP Emanuel Anochondo
Batting: RHB Alex Duarte 0-0: Ball
1-0: Swinging Strike
1-1: Foul Ball, location: 2F
1-2: Ball
2-2: Ball
3-2: Strikes out swinging
Batting: RHB Carlos Avila 0-0: Called Strike
0-1: Ball
1-1: Swinging Strike
1-2: Strikes out swinging
Batting: RHB John Barton 0-0: Called Strike
0-1: Swinging Strike
0-2: Ball
1-2: Strikes out swinging
Top of the 1st over - 0 runs, 0 hits, 0 errors, 0 left on base; Detroit 0 - New Jersey 0
BOTTOM OF THE 1ST
New Jersey Devils batting - Pitching for Detroit Red Wings : RHP Chris Wilkerson
Pitching: RHP Chris Wilkerson
Batting: LHB Randolph Brodbeck 0-0: Called Strike
0-1: Fly out, F8 (Flyball, 8LM, EV 95.6 MPH)
Batting: RHB Chris Artz 0-0: Called Strike
0-1: Swinging Strike
0-2: Strikes out looking
Batting: SHB Tyler Maddux 0-0: Called Strike
0-1: Swinging Strike
0-2: Foul Ball, location: 2F
0-2: Ball
1-2: SOLO HOME RUN (Flyball, 9D, EV 95.6 MPH), Distance : 356 ft
Batting: RHB Jim Freels 0-0: Ball
1-0: Fly out, F7 (Flyball, 7LM, EV 85.0 MPH)
Bottom of the 1st over - 1 run, 1 hit, 0 errors, 0 left on base; Detroit 0 - New Jersey 1
TOP OF THE 2ND
Detroit Red Wings batting - Pitching for New Jersey Devils : RHP Emanuel Anochondo
Batting: RHB Jorge Lebron 0-0: Ball
1-0: DOUBLE (Line Drive, 89D, EV 101.2 MPH)
Batting: RHB Yankel Pensak 0-0: Ball
1-0: Called Strike
1-1: Ball
2-1: Called Strike
2-2: Foul Ball, location: 2F
2-2: Strikes out looking
Batting: RHB António Scarlett 0-0: Ball
1-0: Ball
2-0: Ball
3-0: Base on Balls
Batting: LHB Jose Peralez 0-0: Ball
1-0: Called Strike
1-1: Ball
2-1: Ground out U3 (Groundball, 34S, EV 65.0 MPH)
Jorge Lebron to third
António Scarlett to second
Batting: LHB Duda Pinho 0-0: Fly out, F7 (Flyball, 7LS, EV 89.4 MPH)
Top of the 2nd over - 0 runs, 1 hit, 0 errors, 2 left on base; Detroit 0 - New Jersey 1
BOTTOM OF THE 2ND
New Jersey Devils batting - Pitching for Detroit Red Wings : RHP Chris Wilkerson
Batting: RHB Eric Zylstra 0-0: Called Strike
0-1: Swinging Strike
0-2: Ground out 4-3 (Groundball, 4M, EV 87.5 MPH)
Batting: RHB Sergio Andrada 0-0: Ball
1-0: Called Strike
1-1: Foul Ball, location: 2F
1-2: Strikes out swinging
Batting: SHB Ernesto Mazas 0-0: Called Strike
0-1: Ball
1-1: Called Strike
1-2: Fly out, F8 (Flyball, 8RD, EV 76.2 MPH)
Bottom of the 2nd over - 0 runs, 0 hits, 0 errors, 0 left on base; Detroit 0 - New Jersey 1
TOP OF THE 3RD
Detroit Red Wings batting - Pitching for New Jersey Devils : RHP Emanuel Anochondo
Batting: LHB Simon Barry 0-0: Ball
1-0: Foul Ball, location: 2F
1-1: Called Strike
1-2: DOUBLE (Line Drive, 7LD, EV 99.4 MPH)
Batting: RHB Alex Duarte 0-0: Fly out, F8 (Flyball, 8LD, EV 92.5 MPH)
Batting: RHB Carlos Avila 0-0: Called Strike
0-1: Called Strike
0-2: Ball
1-2: Strikes out swinging
Batting: RHB John Barton 0-0: Ball
1-0: Ground out 6-3 (Groundball, 6, EV 83.8 MPH)
Top of the 3rd over - 0 runs, 1 hit, 0 errors, 1 left on base; Detroit 0 - New Jersey 1
BOTTOM OF THE 3RD
New Jersey Devils batting - Pitching for Detroit Red Wings : RHP Chris Wilkerson
Batting: RHB Craig Alvarado 0-0: Called Strike
0-1: Ball
1-1: Called Strike
1-2: Foul Ball, location: 2F
1-2: DOUBLE (Groundball, 5L, EV 100.6 MPH)
Batting: RHB Oscar Ramirez 0-0: Called Strike
0-1: Swinging Strike
0-2: Ground out 4-3 (Groundball, 4, EV 104.4 MPH)
Craig Alvarado to third
Batting: LHB Randolph Brodbeck 0-0: Ball
1-0: Ball
2-0: SINGLE (Groundball, 34D, EV 95.0 MPH)
Craig Alvarado scores
Batting: RHB Chris Artz 0-0: Ball
1-0: SINGLE (Groundball, 56S, EV 77.5 MPH) (infield hit)
Randolph Brodbeck to second
Batting: SHB Tyler Maddux 0-0: Called Strike
0-1: Ball
1-1: Fly out, F7 (Flyball, 7, EV 86.2 MPH)
Batting: RHB Jim Freels 0-0: Ball
1-0: Ball
2-0: Foul Ball, location: 2F
2-1: Foul Ball, location: 2F
2-2: Ball
3-2: Ground out 6-3 (Groundball, 6, EV 89.4 MPH)
Bottom of the 3rd over - 1 run, 3 hits, 0 errors, 2 left on base; Detroit 0 - New Jersey 2
TOP OF THE 4TH
Detroit Red Wings batting - Pitching for New Jersey Devils : RHP Emanuel Anochondo
Batting: RHB Jorge Lebron 0-0: Ball
1-0: Ball
2-0: Called Strike
2-1: Foul Ball, location: 2F
2-2: Foul Ball, location: 2F
2-2: Ball
3-2: Reached on error, E5 (Groundball, 56, EV 83.1 MPH)
Batting: RHB Yankel Pensak 0-0: Swinging Strike
0-1: Ball
1-1: Called Strike
1-2: Ball
2-2: Ball
3-2: Ground out 4-3 (Groundball, 13, EV 90.0 MPH)
Jorge Lebron to second
Batting: RHB António Scarlett 0-0: Called Strike
0-1: Ball
1-1: Called Strike
1-2: Strikes out swinging
Batting: LHB Jose Peralez 0-0: Called Strike
0-1: Ball
1-1: Ball
2-1: Ball
3-1: Base on Balls
Batting: LHB Duda Pinho 0-0: Ball
1-0: Ball
2-0: Ball
3-0: Base on Balls
Jorge Lebron to third
Jose Peralez to second
Batting: LHB Simon Barry 0-0: Called Strike
0-1: Foul Ball, location: 2F
0-2: Ball
1-2: Strikes out swinging
Top of the 4th over - 0 runs, 0 hits, 1 error, 3 left on base; Detroit 0 - New Jersey 2
BOTTOM OF THE 4TH
New Jersey Devils batting - Pitching for Detroit Red Wings : RHP Chris Wilkerson
Batting: RHB Eric Zylstra 0-0: Ball
1-0: Ball
2-0: Ball
3-0: Foul Ball, location: 2F
3-1: Base on Balls
Batting: RHB Sergio Andrada 0-0: Ball
Eric Zylstra is caught stealing 2nd base 2-4
1-0: TRIPLE (Flyball, 78XD, EV 110.0 MPH)
Batting: SHB Ernesto Mazas 0-0: Called Strike
0-1: Swinging Strike
0-2: Foul Ball, location: 2F
0-2: Strikes out looking
Batting: RHB Craig Alvarado 0-0: Swinging Strike
0-1: Ball
1-1: Foul Ball, location: 2F
1-2: Fly out, F9 (Flyball, 89S, EV 85.6 MPH)
Bottom of the 4th over - 0 runs, 1 hit, 0 errors, 1 left on base; Detroit 0 - New Jersey 2
TOP OF THE 5TH
Detroit Red Wings batting - Pitching for New Jersey Devils : RHP Emanuel Anochondo
Batting: RHB Alex Duarte 0-0: Ball
1-0: Called Strike
1-1: Foul Ball, location: 2F
1-2: Ball
2-2: Foul Ball, location: 2F
2-2: Ball
3-2: Strikes out swinging
Pitching: RHP Jean-Pierre Carpentier
Batting: RHB Carlos Avila 0-0: Ball
1-0: Ball
2-0: Foul Ball, location: 2F
2-1: Ball
3-1: Swinging Strike
3-2: Strikes out looking
Batting: RHB John Barton 0-0: Called Strike
0-1: Foul Ball, location: 2F
0-2: Foul Ball, location: 2F
0-2: SINGLE (Line Drive, 78M, EV 97.5 MPH)
Batting: RHB Jorge Lebron 0-0: Foul Ball, location: 2F
0-1: Foul Ball, location: 2F
0-2: SINGLE (Line Drive, 8LS, EV 94.4 MPH)
John Barton to second
Batting: RHB Yankel Pensak 0-0: Ball
1-0: Foul Ball, location: 2F
1-1: Ball
2-1: SINGLE (Flyball, 78S, EV 95.0 MPH)
John Barton to third
Jorge Lebron to second
Runner from 3rd tries for Home, throw by LF and OUT! 7-2
Top of the 5th over - 0 runs, 3 hits, 0 errors, 2 left on base; Detroit 0 - New Jersey 2
BOTTOM OF THE 5TH
New Jersey Devils batting - Pitching for Detroit Red Wings : RHP Chris Wilkerson
Batting: RHB Oscar Ramirez 0-0: Fly out, F8 (Flyball, 8RD, EV 90.0 MPH)
Batting: LHB Randolph Brodbeck 0-0: Called Strike
0-1: Fly out, F7 (Flyball, 7, EV 90.0 MPH)
Batting: RHB Chris Artz 0-0: Foul Ball, location: 2F
0-1: Ground out 6-3 (Groundball, 6, EV 86.2 MPH)
Bottom of the 5th over - 0 runs, 0 hits, 0 errors, 0 left on base; Detroit 0 - New Jersey 2
TOP OF THE 6TH
Detroit Red Wings batting - Pitching for New Jersey Devils : RHP Jean-Pierre Carpentier
Batting: RHB António Scarlett 0-0: Ball
1-0: Called Strike
1-1: Swinging Strike
1-2: Foul Ball, location: 2F
1-2: Ball
2-2: Strikes out swinging
Batting: LHB Jose Peralez 0-0: Called Strike
0-1: Ground out 4-3 (Groundball, 4, EV 82.5 MPH)
Batting: LHB Duda Pinho 0-0: Foul Ball, location: 2F
0-1: Called Strike
0-2: Ball
1-2: Strikes out looking
Top of the 6th over - 0 runs, 0 hits, 0 errors, 0 left on base; Detroit 0 - New Jersey 2
BOTTOM OF THE 6TH
New Jersey Devils batting - Pitching for Detroit Red Wings : RHP Chris Wilkerson
Batting: SHB Tyler Maddux 0-0: Called Strike
0-1: Ground out 6-3 (Groundball, 6, EV 105.0 MPH)
Batting: RHB Jim Freels 0-0: Called Strike
0-1: Ball
1-1: Foul Ball, location: 2F
1-2: Ball
2-2: Ball
3-2: Foul Ball, location: 2F
3-2: Foul Ball, location: 2F
3-2: Foul Ball, location: 2F
3-2: Base on Balls
Batting: RHB Eric Zylstra 0-0: Ball
1-0: Called Strike
1-1: Ball
2-1: Called Strike
2-2: Ball
3-2: Strikes out swinging
Batting: RHB Sergio Andrada 0-0: Foul Ball, location: 2F
0-1: Ball
1-1: Called Strike
1-2: Ball
2-2: Foul Ball, location: 2F
2-2: Strikes out swinging
Bottom of the 6th over - 0 runs, 0 hits, 0 errors, 1 left on base; Detroit 0 - New Jersey 2
TOP OF THE 7TH
Detroit Red Wings batting - Pitching for New Jersey Devils : RHP Jean-Pierre Carpentier
Batting: LHB Simon Barry 0-0: Fly out, F7 (Flyball, 7LM, EV 91.2 MPH)
Batting: RHB Alex Duarte 0-0: Called Strike
0-1: Fly out, F8 (Flyball, 8LM, EV 87.5 MPH)
Batting: RHB Carlos Avila 0-0: SOLO HOME RUN (Flyball, 7LD, EV 96.2 MPH), Distance : 352 ft
Batting: RHB John Barton 0-0: Ball
1-0: Foul Ball, location: 2F
1-1: Fly out, F9 (Flyball, 89S, EV 91.9 MPH)
Top of the 7th over - 1 run, 1 hit, 0 errors, 0 left on base; Detroit 1 - New Jersey 2
BOTTOM OF THE 7TH
New Jersey Devils batting - Pitching for Detroit Red Wings : RHP Chris Wilkerson
Batting: SHB Ernesto Mazas 0-0: Foul Ball, location: 2F
0-1: Ball
1-1: Ball
2-1: Foul Ball, location: 2F
2-2: Strikes out swinging
Batting: RHB Craig Alvarado 0-0: Called Strike
0-1: Called Strike
0-2: Ball
1-2: Strikes out looking
Batting: RHB Oscar Ramirez 0-0: Foul Ball, location: 2F
0-1: Ground out U3 (Groundball, 3S, EV 83.8 MPH)
Bottom of the 7th over - 0 runs, 0 hits, 0 errors, 0 left on base; Detroit 1 - New Jersey 2
TOP OF THE 8TH
Detroit Red Wings batting - Pitching for New Jersey Devils : RHP Jean-Pierre Carpentier
Batting: RHB Jorge Lebron 0-0: Foul Ball, location: 2F
0-1: Called Strike
0-2: Foul Ball, location: 2F
0-2: Strikes out swinging
Batting: RHB Yankel Pensak 0-0: Ball
1-0: SINGLE (Line Drive, 56D, EV 95.6 MPH)
Batting: RHB António Scarlett 0-0: Called Strike
0-1: Called Strike
0-2: Ball
1-2: Ball
2-2: Ball
3-2: Foul Ball, location: 2F
3-2: Strikes out looking
Batting: LHB Jose Peralez 0-0: SINGLE (Groundball, 6MD, EV 94.4 MPH)
Yankel Pensak to second
Runner from 2nd tries for 3rd, SAFE, throw by CF made to third
Batting: LHB Duda Pinho 0-0: Called Strike
0-1: Foul Ball, location: 2F
0-2: Foul Ball, location: 2F
0-2: Ball
1-2: Ball
2-2: Ball
3-2: Strikes out swinging
Top of the 8th over - 0 runs, 2 hits, 0 errors, 2 left on base; Detroit 1 - New Jersey 2
BOTTOM OF THE 8TH
New Jersey Devils batting - Pitching for Detroit Red Wings : RHP Chris Wilkerson
Pitching: RHP Ramiro Silva
Batting: LHB Randolph Brodbeck 0-0: Ball
1-0: Foul Ball, location: 2F
1-1: Called Strike
1-2: Ball
2-2: Strikes out swinging
Batting: RHB Chris Artz 0-0: Ball
1-0: Foul Ball, location: 2F
1-1: Called Strike
1-2: Foul Ball, location: 2F
1-2: Foul Ball, location: 2F
1-2: Strikes out looking
Batting: SHB Tyler Maddux 0-0: Ball
1-0: Ball
2-0: Called Strike
2-1: Called Strike
2-2: Foul Ball, location: 2F
2-2: Foul Ball, location: 2F
2-2: Strikes out swinging
Bottom of the 8th over - 0 runs, 0 hits, 0 errors, 0 left on base; Detroit 1 - New Jersey 2
TOP OF THE 9TH
Detroit Red Wings batting - Pitching for New Jersey Devils : RHP Jean-Pierre Carpentier
Pitching: RHP Jeremy Delka
Now at 1B: Carlos Saldivar
Now in CF: Sergio Andrada
Pinch Hitting: LHB Iestyn Peacock 0-0: Foul Ball, location: 2F
0-1: Ball
1-1: Ball
2-1: Ball
3-1: Foul Ball, location: 2F
3-2: Foul Ball, location: 2F
3-2: Strikes out swinging
Pinch Hitting: RHB Yuusou Honda 0-0: Ball
1-0: Foul Ball, location: 2F
1-1: Ball
2-1: Foul Ball, location: 2F
2-2: Fly out, F8 (Flyball, 8RD, EV 96.2 MPH)
Pinch Hitting: RHB Dustin Bursell 0-0: Ball
1-0: Ball
2-0: Called Strike
2-1: Foul Ball, location: 2F
2-2: Ball
3-2: Foul Ball, location: 2F
3-2: Base on Balls
Batting: RHB John Barton 0-0: Ball
1-0: Swinging Strike
1-1: Foul Ball, location: 2F
1-2: Foul Ball, location: 2F
1-2: Fielders Choice at 2nd, 6-4 (Groundball, 6, EV 104.4 MPH)
Top of the 9th over - 0 runs, 0 hits, 0 errors, 1 left on base; Detroit 1 - New Jersey 2
Thursday, December 15th , 2022 - OOTP Baseball 23.9 Build 102